 Dungeon Crawl Stone Soup version 0.23-a0-376-ge56fa01 (webtiles) character file.

6322 BingusPrime the Quickloader (level 10, -8/107 HPs)
             Began as a Deep Dwarf Hunter on Oct 27, 2018.
             Was a Believer of Makhleb.
             Mangled by a nine-headed hydra (9 damage)
             ... on level 1 of the Lair of Beasts.
             The game lasted 00:39:27 (6680 turns).

BingusPrime the Quickloader (Deep Dwarf Hunter)     Turns: 6680, Time: 00:39:28

Health: -8/107     AC:  9    Str: 18    XL:     10   Next: 64%
Magic:  13/13      EV: 16    Int: 23    God:    Makhleb [**....]
Gold:   558        SH:  0    Dex: 16    Spells: 9/9 levels left

rFire    x . .     SeeInvis .   h - +6 hand axe
rCold    + . .     Gourm    .   (no shield)
rNeg     . . .     Faith    .   J - +2 robe of Zat Apos {MR- Str+3 Int+8}
rPois    .         Spirit   .   G - +0 helmet
rElec    .         Reflect  .   E - +0 cloak
rCorr    .         Harm     .   H - +0 pair of gloves
MR       .....                  C - +0 pair of boots of Virtue {Int+2}
Stlth    ++........             F - amulet of Vitality {Regen+ HP+15}
HPRegen  0.00/turn              m - ring of magical power
MPRegen  0.13/turn              n - ring of ice

@: non-regenerating
A: damage resistance, heal wounds, sense surroundings 2, no regeneration
a: Heal Wounds, Minor Destruction, Renounce Religion


You were on level 1 of the Lair of Beasts.
You worshipped Makhleb.
Makhleb was pleased with you.
You were very hungry.

You visited 3 branches of the dungeon, and saw 10 of its levels.
You also visited: Ossuary.

You collected 558 gold pieces.

Inventory:

Hand Weapons
 a - a +1 hand crossbow
 h - a +6 hand axe (weapon)
 M - a +2 hand crossbow of flaming
Missiles
 o - 6 tomahawks of returning (quivered)
 q - 39 bolts
 r - 2 exploding tomahawks
 A - 8 tomahawks
Armour
 c - a +0 leather armour
 s - a +0 leather armour of cold resistance
 C - the +0 pair of boots of Virtue (worn) {Int+2}
   (You found it on level 6 of the Dungeon)

   It affects your intelligence (+2).
 E - a +0 cloak (worn)
 G - a +0 helmet (worn)
 H - a +0 pair of gloves (worn)
 J - the +2 robe of Zat Apos (worn) {MR- Str+3 Int+8}
   (You found it on level 7 of the Dungeon)

   It affects your strength (+3).
   It affects your intelligence (+8).
   It affects your resistance to hostile enchantments.
Jewellery
 g - an uncursed ring of attention
 k - an uncursed ring of wizardry
 m - a ring of magical power (left hand)
 n - a ring of ice (right hand)
 F - the amulet of Vitality (around neck) {Regen+ HP+15}
   (You found it on level 6 of the Dungeon)

   [amulet of regeneration]

   It affects your health (+15).
   It increases your rate of regeneration.
 L - an uncursed ring of see invisible
 Q - an uncursed ring of stealth {unknown}
 S - an uncursed amulet of the acrobat {unknown}
 T - an uncursed ring of magical power
Wands
 d - a wand of random effects (24)
 I - a wand of flame (11)
 K - a wand of clouds (2)
 U - a wand of iceblast (3)
 V - a wand of paralysis (6)
Scrolls
 i - 3 scrolls of blinking
 v - 2 scrolls of random uselessness {unknown}
 y - 7 scrolls of remove curse
 B - a scroll of magic mapping
 D - a scroll of immolation {unknown}
 O - 2 scrolls of summoning {unknown}
 P - 2 scrolls of teleportation {unknown}
 R - a scroll of vulnerability {unknown}
Potions
 b - 3 potions of lignification {unknown}
 e - 7 potions of agility
 j - 3 potions of resistance {unknown}
 l - 6 potions of curing
 p - a potion of degeneration {unknown}
 t - a potion of haste {unknown}
 u - 2 potions of magic {unknown}
 w - 2 potions of cancellation {unknown}
 x - 2 potions of might {unknown}
 z - a potion of ambrosia {unknown}
 N - a potion of invisibility {unknown}
Comestibles
 f - 23 rations


   Skills:
 * Level 6.9 Fighting
 * Level 9.6 Axes
 * Level 11.0 Crossbows
 + Level 0.2 Throwing
 + Level 3.7 Armour
 + Level 5.7 Dodging
 + Level 2.9 Stealth
 + Level 1.4 Evocations


You had 9 spell levels left.
You didn't know any spells.
Your spell library contained the following spells:

 Spells                   Type           Power        Failure   Level  Hunger
 Animate Skeleton         Necr           N/A          16%         1    ##.....
 Pain                     Necr           #...         16%         1    ##.....
 Vampiric Draining        Necr           #.........   43%         3    ####...
 Animate Dead             Necr           N/A          83%         4    #####..
 Regeneration             Chrm/Necr      Unusable     N/A         3    N/A

Dungeon Overview and Level Annotations

Branches:
Dungeon (8/15)             Temple (1/1) D:6            Lair (1/6) D:8

Altars:
Ashenzari
Dithmenos
Fedhas
Gozag
Kikubaaqudgha
Makhleb
Nemelex Xobeh
Okawaru
Ru
Sif Muna
Trog
Uskayaw
Vehumet
Wu Jian
Xom
Yredelemnul
Zin
The Shining One

Shops:
D:6 =

Annotations:
D:5 1 runed door, BarneyGumball's ghost, novice MiBe


Innate Abilities, Weirdness & Mutations

You are resistant to damage.
You can heal yourself by infusing magical energy.
You passively map the area around you.
You do not regenerate.


Message History

The eight-headed hydra misses you.
The eight-headed hydra barely misses you.
The eight-headed hydra bites you but does no damage.
The eight-headed hydra bites you!
* * * LOW HITPOINT WARNING * * *
The eight-headed hydra closely misses you.
The eight-headed hydra bites you but does no damage.
You chop one of the eight-headed hydra's heads off!
The seven-headed hydra grows two more!
You hit the nine-headed hydra.
The nine-headed hydra is severely wounded.
The nine-headed hydra bites you but does no damage.
The nine-headed hydra bites you!
* * * LOW HITPOINT WARNING * * *
The nine-headed hydra closely misses you. x2
The nine-headed hydra bites you but does no damage.
The nine-headed hydra bites you!
* * * LOW HITPOINT WARNING * * *
The nine-headed hydra bites you but does no damage.
The nine-headed hydra bites you!
You die...

..###.#...# ,#.
#...##....## ..#
*#.........####.#
#.............##
##..?........(..#
##.............#
##.......>....(.#.(
###...........((.(..#
#...@D........#.#..##
##........?..#### #
#..........## *
#.>........## , *
#...........# *
##...#.###..## *
####### ##..# * ,,
#P..# * ##..# *


You could see a nine-headed hydra.

Vanquished Creatures
  Sonja (Lair:1)
  Maurice (D:7)
  A komodo dragon (Lair:1)
  2 spiny frogs (Lair:1)
  4 yaks
  A human (D:8)
  3 hogs (D:8)
  Edmund (D:5)
  A water moccasin (Lair:1)
  3 orc warriors
  3 porcupines
  2 ice beasts
  A phantom (D:8)
  A sky beast (D:6)
  3 ogres
  A crocodile (Lair:1)
  3 centaurs
  5 bullfrogs
  4 scorpions
  7 howler monkeys
  A crimson imp (D:5)
  A centaur zombie (D:7)
  A centaur skeleton (D:4)
  2 hounds
  A jelly (D:5)
  5 orc priests
  A bullfrog skeleton (D:8)
  10 orc wizards
  2 worker ants
  A killer bee zombie (D:6)
  A hound zombie (D:6)
  2 hound skeletons (D:8)
  Robin (D:2)
  3 gnolls (D:4)
  10 adders
  2 shadow imps
  2 oozes
  A worm (D:2)
  3 dart slugs (D:1)
  4 leopard geckos
  33 orcs
  2 ball pythons
  6 bats
  3 giant cockroaches
  4 gnoll zombies (Ossuary)
  19 goblins
  13 hobgoblins
  2 quokkas
  4 frilled lizards
  4 gnoll skeletons (Ossuary)
  2 goblin skeletons (Ossuary)
  A goblin zombie (Ossuary)
  A hobgoblin skeleton (Ossuary)
  2 hobgoblin zombies (Ossuary)
  5 kobolds
  5 kobold skeletons (Ossuary)
  3 kobold zombies (Ossuary)
  3 leopard gecko skeletons
  An orc skeleton (Ossuary)
  2 orc zombies (Ossuary)
  7 rats
  A rat skeleton (Ossuary)
  3 rat zombies (Ossuary)
  2 fungi (D:8)
230 creatures vanquished.

Vanquished Creatures (others)
  Menkaure (Ossuary)
  3 mummies (Ossuary)
  A gnoll skeleton (Ossuary)
  2 goblin skeletons (Ossuary)
  2 goblin zombies (Ossuary)
  3 hobgoblin skeletons (Ossuary)
  A hobgoblin zombie (Ossuary)
  A kobold skeleton (Ossuary)
  4 kobold zombies (Ossuary)
  2 orc skeletons (Ossuary)
  2 rat skeletons (Ossuary)
  3 rat zombies (Ossuary)
  3 fungi (Lair:1)
  2 plants (Lair:1)
30 creatures vanquished.

Grand Total: 260 creatures vanquished

Notes
Turn   | Place    | Note
-------+----------+-------------------------------------------
     0 | D:1      | BingusPrime the Deep Dwarf Hunter began the quest for the
                  | Orb.
     0 | D:1      | Reached XP level 1. HP: 19/19 MP: 1/1
   125 | D:1      | Reached XP level 2. HP: 26/26 MP: 2/2
   170 | D:1      | Reached skill level 5 in Crossbows
   306 | D:1      | Reached XP level 3. HP: 32/32 MP: 3/3
   779 | D:2      | Noticed Robin
   822 | D:2      | Killed Robin
   822 | D:2      | Reached XP level 4. HP: 25/39 MP: 4/4
  1167 | D:2      | Reached skill level 6 in Crossbows
  1201 | D:2      | Found a hide-covered altar of Uskayaw.
  1688 | D:3      | Found a shattered altar of Ashenzari.
  1893 | D:3      | Found an iron altar of Okawaru.
  1896 | D:3      | Reached XP level 5. HP: 29/46 MP: 5/5
  1991 | D:4      | Reached skill level 1 in Armour
  2030 | D:4      | Noticed an ogre
  2035 | D:4      | Killed an ogre
  2035 | D:4      | Reached skill level 7 in Crossbows
  2035 | D:4      | Reached XP level 6. HP: 24/56 MP: 6/6
  2220 | D:4      | Reached skill level 1 in Axes
  2220 | D:4      | Reached XP level 7. HP: 26/62 MP: 7/7
  2797 | D:5      | Entered Level 5 of the Dungeon
  2808 | D:5      | Found an ornate altar of the Wu Jian Council.
  2815 | D:5      | Noticed Edmund
  2853 | D:5      | Killed Edmund
  2892 | D:5      | Found a runed door.
  2899 | D:5      | Reached skill level 8 in Crossbows
  2903 | D:5      | Noticed BarneyGumball's ghost (novice MiBe)
  2954 | D:5      | Found a sand-covered staircase.
  2963 | Ossuary  | Entered an ossuary
  3142 | Ossuary  | Killed Menkaure
  3628 | D:5      | Found a sacrificial altar of Ru.
  3650 | D:5      | You fall through a shaft!
  3653 | D:6      | Found a staircase to the Ecumenical Temple.
  3694 | D:6      | Got a pair of smoking boots
  3714 | Temple   | Entered the Ecumenical Temple
  3747 | Temple   | Became a worshipper of Makhleb the Destroyer
  4025 | D:6      | Reached XP level 8. HP: 47/72 MP: 7/7
  4208 | D:6      | Reached skill level 9 in Crossbows
  4340 | D:6      | Found the amulet of Vitality {Regen+ HP+15}
  4349 | D:6      | Identified the cursed +0 pair of boots of Virtue {Int+2}
                  | (You found it on level 6 of the Dungeon)
  4390 | D:6      | Found Dapt's Jewellery Shoppe.
  4401 | D:6      | Reached * piety under Makhleb
  4659 | D:7      | Reached skill level 5 in Fighting
  4659 | D:7      | Reached skill level 5 in Axes
  4764 | D:7      | Gained mutation: You passively map the area around you.
                  | [Deep Dwarf growth]
  4764 | D:7      | Reached XP level 9. HP: 33/81 MP: 6/6
  4773 | D:7      | HP: 4/96 [yak (8)]
  4815 | D:7      | Got a heavy robe
  4947 | D:7      | Identified the +2 robe of Zat Apos {MR- Str+3 Int+8} (You
                  | found it on level 7 of the Dungeon)
  5409 | D:8      | Reached skill level 10 in Crossbows
  5513 | D:8      | Reached ** piety under Makhleb
  5517 | D:8      | Noticed Maurice
  5534 | D:8      | Reached skill level 1 in Evocations
  5572 | D:7      | Killed Maurice
  5660 | D:8      | Reached XP level 10. HP: 74/91 MP: 5/5
  5858 | D:8      | Reached skill level 5 in Dodging
  6019 | D:8      | Found a staircase to the Lair.
  6198 | Lair:1   | Entered Level 1 of the Lair of Beasts
  6216 | Lair:1   | Noticed a spiny frog
  6219 | Lair:1   | Noticed a spiny frog
  6231 | Lair:1   | Killed a spiny frog
  6288 | Lair:1   | Killed a spiny frog
  6469 | Lair:1   | Noticed Sonja
  6471 | Lair:1   | Paralysed by Sonja for 2 turns
  6474 | Lair:1   | Killed Sonja
  6474 | Lair:1   | Reached skill level 11 in Crossbows
  6661 | Lair:1   | Noticed an eight-headed hydra
  6680 | Lair:1   | HP: 1/107 [nine-headed hydra (12)]
  6680 | Lair:1   | Mangled by a nine-headed hydra

Vault maps used:
D:1:      dpeg_arrival_simpleton_c
D:2:      lemuel_doored_altar, first_ration, uniq_robin
D:3:      evilmike_ruin_ashenzari, marbit_many_paths, grunt_decor_cap
D:5:      old_standard_altar, nicolae_ru_path_of_blood, ebering_ghost_sewer_d,
          lightli_ossuary_entry_decrepit_ruins, hangedman_glass_teeth,
          uniq_edmund
D:6:      minmay_temple_entry_mist, serial_shops, kennysheep_mini_moat
D:8:      grunt_lair_entry_orc_guard_hut, grunt_livestock,
          hangedman_abyss_or_decor_stagger, uniq_maurice
Temple:   compressed_dpeg_circular_temple
Lair:1:   minmay_lair_venomous_thicket, nicolae_volcano_entry_hallway,
          patterned_corridor, uniq_sonja
Ossuary:  ossuary_due_pyramid

Skill      XL: |  1  2  3  4  5  6  7  8  9 10 |
---------------+-------------------------------+-----
Crossbows      | 5 6 7 8 9 10 11 | 11.0
Fighting       | 2 3 4 5 6 |  6.9
Armour         | 1 2 3 |  3.7
Axes           | 1 3 5 8 9 |  9.6
Dodging        | 3 4 5 |  5.7
Stealth        | 2 |  2.9
Evocations     | 1 |  1.4
Throwing       | |  0.2

Action                   |  1- 3 |  4- 6 |  7- 9 | 10-12 || total
-------------------------+-------+-------+-------+-------++-------
Melee: Hand axe          |    14 |    42 |   193 |    55 ||   304
 Fire: Hand crossbow     |    84 |    88 |   210 |    44 ||   426
Throw: Tomahawk          |       |     2 |     5 |       ||     7
 Abil: Heal Wounds       |       |     2 |    21 |     9 ||    32
Evoke: Wand              |       |       |     3 |     1 ||     4
  Use: Scroll            |     2 |     2 |     9 |       ||    13
 Stab: Confused          |       |       |       |     1 ||     1
  Eat: Ration            |       |     1 |     1 |       ||     2
       Chunk             |       |       |     9 |     1 ||    10
Armor: Leather armour    |    14 |     4 |    35 |       ||    53
       Robe              |       |       |    31 |    20 ||    51
Dodge: Dodged            |    30 |    68 |   198 |    47 ||   343

Table legend:
 A = Non-vault XP
 B = Vault XP
 C = Vault XP percentage of total XP
 D = Non-vault monster count
 E = Vault monster count
 F = Vault count percentage of total count
                 A         B        C        D         E       F
            +---------+---------+-------+---------+---------+-------
      Total |    4797 |    4235 |  46.9 |     164 |      56 |  25.5
            +---------+---------+-------+---------+---------+-------
        D:1 |      61 |       0 |   0.0 |      27 |       0 |   0.0
        D:2 |      39 |      39 |  50.0 |      15 |      13 |  46.4
        D:3 |      67 |       2 |   2.9 |      21 |       1 |   4.5
        D:4 |     683 |       0 |   0.0 |      26 |       0 |   0.0
        D:5 |     218 |     153 |  41.2 |       7 |       1 |  12.5
        D:6 |    1125 |       0 |   0.0 |      33 |       0 |   0.0
        D:7 |    1243 |     550 |  30.7 |      14 |       2 |  12.5
        D:8 |     962 |    1407 |  59.4 |      18 |       9 |  33.3
     Lair:1 |     399 |    2061 |  83.8 |       3 |       9 |  75.0
    Ossuary |       0 |      23 | 100.0 |       0 |      21 | 100.0
            +---------+---------+-------+---------+---------+-------
